 Dungeon Crawl Stone Soup version 0.22-a0-757-gdba82d8 (webtiles) character file.

9 Amnesiac the Digger (level 2, 19/19 HPs)
             Began as a Demonspawn Earth Elementalist on July 16, 2018.
             Quit the game on level 2 of the Dungeon.
             The game lasted 00:01:04 (583 turns).

Amnesiac the Digger (Demonspawn Earth Elementalist)  Turns: 583, Time: 00:01:04

Health: 19/19      AC:  2    Str:  8    XL:     2   Next: 3%
Magic:  3/5        EV: 12    Int: 16    God:
Gold:   22         SH:  0    Dex: 13    Spells: 4/5 levels left

rFire    . . .     SeeInvis .   (no weapon)
rCold    . . .     Gourm    .   (no shield)
rNeg     . . .     Faith    .   c - +0 robe
rPois    .         Spirit   .   (helmet restricted)
rElec    .         Reflect  .   (no cloak)
rCorr    .         Harm     .   (no gloves)
MR       .....                  (no boots)
Stlth    ++........             (no amulet)
HPRegen  0.06/turn              (no ring)
MPRegen  0.09/turn              (no ring)

@: no status effects
A: horns 1
a: no special abilities


You were on level 2 of the Dungeon.
You were not hungry.

You visited 1 branch of the dungeon, and saw 2 of its levels.

You collected 22 gold pieces.

Inventory:

Missiles
 b - 17 stones (quivered)
Armour
 c - a +0 robe (worn)
Scrolls
 e - a scroll of identify {!r, unknown}
Potions
 a - a potion of flight {!q, unknown}
Comestibles
 d - 2 rations
 f - 2 chunks of flesh


   Skills:
 - Level 1.7 Dodging
 - Level 2.0 Stealth
 + Level 2.1 Spellcasting
   Level 0.8 Transmutations
 * Level 3.0 Earth Magic


You had 4 spell levels left.
You knew the following spells:

 Your Spells              Type           Power        Failure   Level  Hunger
a - Sandblast             Erth           ##....       6%          1    #......

Your spell library contained the following spells:

 Spells                   Type           Power        Failure   Level  Hunger
 Stone Arrow              Conj/Erth      #.....       32%         3    ###....
 Passwall                 Tmut/Erth      #.......     14%         2    ###....
 Lee's Rapid Deconstruct  Erth           ##........   85%         5    ######.
 Petrify                  Tmut/Erth      #.......     65%         4    #####..


Dungeon Overview and Level Annotations

Branches:
Dungeon (2/15)

Altars:


Innate Abilities, Weirdness & Mutations

You have a pair of small horns on your head.


Message History

Training target 2.0 for Stealth reached!
Your Stealth skill increases to level 2!
Casting: Sandblast (safe; 6% risk of failure)
Confirm with . or Enter, or press ? or * to list all spells.
You don't have enough magic to cast that spell.
Your magical contamination has completely faded away.
There is a stone staircase leading up here.
You climb upwards.
There is a stone staircase leading down here.
You start resting.
Magic restored.
You start resting.
HP restored.
You start resting.
HP restored.
You start waiting.
Done waiting.
You climb downwards.
The giant cockroach misses you. The giant cockroach barely misses you.
There is a stone staircase leading up here.
Casting: Sandblast (safe; 6% risk of failure)
Confirm with . or Enter, or press ? or * to list all spells.
Aiming: Sandblast (safe; 6% risk of failure)
Press: ? - help, Shift-Dir - straight line, f - giant cockroach
Aim: a giant cockroach (clinging)
The blast of sand hits the giant cockroach.
You kill the giant cockroach!
Your Earth Magic skill increases to level 3!
b - 18 stones
Casting: Sandblast (safe; 6% risk of failure)
Confirm with . or Enter, or press ? or * to list all spells.
You can't see any susceptible monsters within range! (Use Z to cast anyway.)
Casting: Sandblast (safe; 6% risk of failure)
Confirm with . or Enter, or press ? or * to list all spells.
You can't see any susceptible monsters within range! (Use Z to cast anyway.)
You see here a giant cockroach corpse.
You butcher the giant cockroach corpse.
f - 2 chunks of flesh Magic restored.
d - 2 rations (gained 1)
You now have 22 gold pieces (gained 13).
Found a stone staircase leading up.
There is a stone staircase leading up here.
e - a scroll labeled XOM MEIDICON {!r} A jackal comes into view.
A jackal comes into view.
The jackal barks!
You hear a bark!
You hear an angry hiss.
A jackal comes into view.
The jackal moves out of view.
You see here a ration.
Casting: Sandblast (safe; 6% risk of failure)
Confirm with . or Enter, or press ? or * to list all spells.
Aiming: Sandblast (safe; 6% risk of failure)
Press: ? - help, Shift-Dir - straight line, f - jackal
Aim: a jackal The blast of sand hits the jackal.
You kill the jackal!
You have reached level 2!
Your demonic ancestry asserts itself...
A pair of horns grows on your head!
b - 17 stones The jackal barks!
An adder comes into view.
Are you sure you want to abandon this character and quit the game? (Confirm with "yes".)

..........................
##..###.######............
#. #.# ######..##.# # #.#
####..##.# #.# #.....##.#
#.# ######.##.###.#
#.####...... ..# #.#
#....#.####..... ..#
#..@.........#######
#.##.....###########
#.##%...##........s.
#.##hh..##.#########
#.#...........#
#.#h.#..####### ..S.......
S......##. .......# .


You could see 2 jackals.

Vanquished Creatures
  A dart slug (D:2)
  An orc (D:2)
  A giant cockroach (D:2)
  2 jackals (D:2)
5 creatures vanquished.

Notes
Turn   | Place    | Note
-------+----------+-------------------------------------------
     0 | D:1      | Amnesiac the Demonspawn Earth Elementalist began the quest for the Orb.
     0 | D:1      | Reached XP level 1. HP: 13/13 MP: 3/3
   527 | D:2      | Reached skill level 3 in Earth Magic
   580 | D:2      | Gained mutation: You have a pair of small horns on your head. [demonic ancestry]
   580 | D:2      | Reached XP level 2. HP: 19/19 MP: 3/5
   583 | D:2      | Quit the game

Vault maps used:
D:1:      saegor_arrival_under_anarchy
D:2:      uniq_jessica

Skill      XL: |  1 |
---------------+----+-----
Stealth        | 2 |  2.0
Earth Magic    | 3 |  3.0
Dodging        | |  1.7
Spellcasting   | |  2.1
Transmutations | |  0.8

Action                   || total
-------------------------++-------
Melee: Unarmed           ||     8
 Cast: Sandblast         ||    13
Armor: Robe              ||     3
Dodge: Dodged            ||    12

Table legend:
 A = Spawn XP
 B = Non-spawn XP
 C = Spawn XP percentage of total XP
 D = Spawn monster count
 E = Non-spawn monster count
 F = Spawn count percentage of total count
 G = Total turns spent on level
                    A         B        C        D         E        F      G
               +---------+---------+-------+---------+---------+-------+---------
         Total |       0 |      13 |   0.0 |       0 |       5 |   0.0 |   583
               +---------+---------+-------+---------+---------+-------+---------
           D:2 |       0 |      13 |   0.0 |       0 |       5 |   0.0 |   302
               +---------+---------+-------+---------+---------+-------+---------
